 Dungeon Crawl Stone Soup version 0.31-a0-145-g046c7d2549 (webtiles) character file.

Game seed: 6117355569844205304

2094 qw the Skirmisher (level 9, -2/79 HPs)
             Began as a Minotaur Hunter on June 7, 2023.
             Shot with a sling bullet by Joseph (7 damage)
             ... on level 8 of the Dungeon.
             The game lasted 00:02:26 (5529 turns).

qw the Skirmisher (Minotaur Hunter)                 Turns: 5529, Time: 00:02:26

Health: -2/79      AC:  9    Str: 16    XL:     9   Next: 7%
Magic:  8/8        EV: 14    Int:  6    God:
Gold:   208        SH:  0    Dex: 18    Spells: 8/8 levels left

rFire   + + .        Y - +1 shortbow (freeze)
rCold   . . .        (shield currently unavailable)
rNeg    . . .        g - +0 steam dragon scales
rPois   .            (helmet restricted)
rElec   .            (no cloak)
rCorr   +            b - +0 pair of gloves
SInv    .            i - +2 pair of boots of the Seven Ageing Yaks {rF++}
Will    .....        l - amulet of regeneration
Stlth   ++           e - ring of resist corrosion
HPRegen 1.13/turn    (no ring)
MPRegen 0.11/turn

%: no passive effects
@: no status effects
A: horns 2, retaliatory headbutt
a: no special abilities


You were on level 8 of the Dungeon.
You visited 2 branches of the dungeon, and saw 9 of its levels.

You collected 323 gold pieces.
You spent 115 gold pieces at shops.


Innate Abilities, Weirdness & Mutations

You have a pair of horns on your head.
You reflexively headbutt those who attack you in melee.


   Skills:
 - Level 7.2 Fighting
 - Level 11.1 Ranged Weapons
 + Level 2.2 Armour
 - Level 5.0 Dodging
 - Level 0.7 Stealth


You had 8 spell levels left.
You didn't know any spells.
Your spell library was empty.

Inventory:

Hand Weapons
 Y - a +1 shortbow of freezing (weapon)
Armour
 b - a +0 pair of gloves (worn)
 g - +0 steam dragon scales (worn)
 i - the +2 pair of boots of the Seven Ageing Yaks (worn) {rF++}
   (You found it on level 4 of the Dungeon)

   rF:        It greatly protects you from fire.
Jewellery
 e - a ring of resist corrosion (left hand)
 l - an amulet of regeneration (around neck)
Scrolls
 a - 2 scrolls of identify
Potions
 c - 3 potions of curing
 d - a potion of haste
 f - a potion of resistance
 k - a potion of cancellation

Dungeon Overview and Level Annotations

Branches:
Dungeon (8/15)             Temple (1/1) D:4
   Lair: D:8-11

Altars:
Cheibriados
Dithmenos
Elyvilon
Gozag
Hepliaklqana
Kikubaaqudgha
Makhleb
Nemelex Xobeh
Qazlal
Ru
Sif Muna
Trog
Uskayaw
Vehumet
Wu Jian
Xom
Yredelemnul
Zin
The Shining One

Shops:
D:2 (   D:4 ?

Annotations:
D:3 3 runed translucent doors, qw's ghost, amateur GrFi
D:8 Joseph


Message History

You shoot an arrow. The arrow hits the gnoll.
The arrow freezes the gnoll.
You kill the gnoll!
Joseph unwields a +0 spectral quarterstaff.
Joseph wields a +3 sling of freezing.
It is covered in frost.
Joseph shoots a sling bullet.
The sling bullet hits you! The sling bullet freezes you.
A gnoll comes into view. It is wielding a +3 halberd.
The gnoll shouts!
You shoot an arrow.
The arrow hits the gnoll sergeant but does no damage.
The gnoll sergeant is moderately wounded.
You shoot an arrow. The arrow hits the gnoll sergeant!
The arrow freezes the gnoll sergeant.
The gnoll sergeant is almost dead.
The gnoll sergeant hits you from afar with a +0 trident.
Joseph shoots a sling bullet.
The sling bullet hits you. The sling bullet freezes you.
You shoot an arrow.
The arrow hits the gnoll sergeant but does no damage.
The gnoll sergeant is almost dead.
The gnoll sergeant hits you from afar with a +0 trident!
You shoot an arrow. The arrow hits the gnoll sergeant!
The arrow freezes the gnoll sergeant.
You kill the gnoll sergeant!
Joseph shoots a sling bullet.
The sling bullet misses you.
Your Armour skill increases to level 2!
You shoot an arrow. The arrow hits Joseph.
The arrow freezes Joseph.
Joseph is lightly wounded.
Joseph shoots a sling bullet.
The sling bullet hits you! The sling bullet freezes you.
You shoot an arrow. The arrow hits the gnoll.
The arrow freezes the gnoll.
The gnoll is lightly wounded.
Joseph shoots a sling bullet.
The sling bullet hits you! The sling bullet freezes you.
You shoot an arrow. The arrow hits the gnoll!
The arrow freezes the gnoll.
You kill the gnoll!
Joseph says, "I'm here to kill trespassers.
I like my job."
Joseph shoots a sling bullet.
The sling bullet hits you! The sling bullet freezes you!
You die...

# #.#.#####
.......<#####
...........@#
...########)#
. .)..
##..#.# ..@#
# #..# .).#
..<.


You could see Joseph.

Vanquished Creatures
  2 steam dragons
  Edmund (D:4)
  A water moccasin (D:7)
  A sky beast (D:7)
  3 ogres
  2 centaurs
  A phantom (D:6)
  2 bullfrogs
  A gnoll sergeant (D:8)
  2 scorpions (D:7)
  2 hounds
  4 orc priests
  7 iguanas
  A sleepcap (D:6)
  5 orc wizards
  4 adders
  6 gnolls
  A white imp (D:5)
  An ufetubus (D:6)
  3 worms
  4 dart slugs
  19 orcs
  8 ball pythons
  7 endoplasms
  A giant cockroach (D:4)
  5 hobgoblins
  5 jackals
  3 quokkas
  4 bats
  A frilled lizard (D:2)
  5 goblins
  7 kobolds
  7 rats
126 creatures vanquished.

Vanquished Creatures (others)
  An orc wizard (D:6)
1 creature vanquished.

Grand Total: 127 creatures vanquished

Notes
Turn   | Place    | Note
-------+----------+-------------------------------------------
     0 | D:1      | qw the Minotaur Hunter began the quest for the Orb.
     0 | D:1      | Reached XP level 1. HP: 18/18 MP: 0/0
     0 | D:1      | 0 ||| qw: Version: 0.2-a-117-gc6b5c8b
     0 | D:1      | 0 ||| qw: Game counter: 2445
     0 | D:1      | 0 ||| qw: Always use a shield: true
     0 | D:1      | 0 ||| qw: God list: Okawaru
     0 | D:1      | 0 ||| qw: Allow faded altars: false
     0 | D:1      | 0 ||| qw: Do Orc after D:15 true
     0 | D:1      | 0 ||| qw: Do second Lair branch before Depths: true
     0 | D:1      | 0 ||| qw: Lair rune preference: random
     0 | D:1      | 0 ||| qw: Plans: Normal
     0 | D:1      | 0 ||| PLANNING D:1-11
    29 | D:1      | 29 ||| DROPPING scroll of butterflies.
   130 | D:1      | Reached XP level 2. HP: 25/25 MP: 1/1
   154 | D:1      | Reached skill level 5 in Ranged Weapons
   398 | D:1      | Found a faded altar of an unknown god.
   432 | D:1      | Reached skill level 3 in Fighting
   668 | D:1      | 668 ||| UPGRADING to +0 ring mail.
   678 | D:1      | 678 ||| DROPPING +0 leather armour.
   679 | D:1      | 679 ||| UPGRADING to amulet of guardian spirit.
   684 | D:1      | 684 ||| UPGRADING to ring of resist corrosion.
   685 | D:1      | 685 ||| DRINKING 2 glowing yellow potions.
   686 | D:1      | 686 ||| DROPPING potion of brilliance.
   839 | D:2      | Reached XP level 3. HP: 31/31 MP: 2/2
   869 | D:2      | Found Lunkutz's Weapon Boutique.
   889 | D:2      | 889 ||| SHOPLISTING +0 arbalest of flaming (101 gold, have
                  | 65).
   913 | D:2      | Reached skill level 1 in Armour
  1460 | D:3      | Found a white marble altar of Elyvilon.
  1728 | D:3      | Found a runed translucent gate.
  1729 | D:3      | Found a runed translucent gate.
  1729 | D:3      | Found a runed translucent gate.
  1730 | D:3      | Noticed qw's ghost (amateur GrFi)
  1744 | D:3      | Reached XP level 4. HP: 38/38 MP: 3/3
  2249 | D:3      | 2249 ||| DROPPING scarf of shadows.
  2250 | D:3      | 2250 ||| UPGRADING to amulet of regeneration.
  2260 | D:3      | 2260 ||| DROPPING amulet of guardian spirit.
  2261 | D:3      | 2261 ||| READING 2 scrolls labelled YMOUL PYILUXT.
  2262 | D:3      | 2262 ||| READING scroll labelled KOCOPH FOSULI.
  2263 | D:3      | 2263 ||| DRINKING 2 yellow potions.
  2264 | D:3      | 2264 ||| DROPPING potion of invisibility.
  2314 | D:4      | Found the +7 Throatcutter {drain, coup de grace}
  2326 | D:4      | Reached skill level 6 in Ranged Weapons
  2335 | D:4      | Identified the +2 pair of boots of the Seven Ageing Yaks
                  | {rF++}
  2367 | D:4      | Reached XP level 5. HP: 44/46 MP: 4/4
  2404 | D:4      | Noticed Edmund
  2415 | D:4      | Found Hutiwug's Magic Scroll Boutique.
  2416 | D:4      | 2416 ||| FLEEEEING.
  2417 | D:4      | 2417 ||| FLEEEEING.
  2418 | D:4      | 2418 ||| FLEEEEING.
  2420 | D:4      | Killed Edmund
  2425 | D:4      | 2425 ||| BUYING scroll of enchant weapon (75 gold).
  2425 | D:4      | Bought a scroll of enchant weapon for 75 gold pieces
  2425 | D:4      | 2425 ||| BUYING scroll of identify (20 gold).
  2425 | D:4      | Bought a scroll of identify for 20 gold pieces
  2425 | D:4      | 2425 ||| BUYING scroll of identify (20 gold).
  2425 | D:4      | Bought a scroll of identify for 20 gold pieces
  2425 | D:4      | 2425 ||| READING scroll of enchant weapon.
  2425 | D:4      | 2425 ||| ENCHANTING +0 shortbow of freezing.
  2437 | D:4      | Found a staircase to the Ecumenical Temple.
  2438 | D:4      | 2438 ||| PLANNING TEMPLE
  2438 | D:4      | 2438 ||| UPGRADING to +2 pair of boots of the Seven Ageing
                  | Yaks {rF++}.
  2452 | D:4      | Reached XP level 6. HP: 54/57 MP: 5/5
  2454 | D:4      | 2454 ||| UPGRADING to +2 robe of positive energy.
  2464 | D:4      | 2464 ||| DROPPING +0 ring mail.
  2465 | D:4      | 2465 ||| READING scroll labelled HANKEVIKLA.
  2466 | D:4      | 2466 ||| READING scroll labelled TIROQAOVECS.
  2467 | D:4      | 2467 ||| READING 3 scrolls of identify.
  2467 | D:4      | 2467 ||| IDENTIFYING fizzy amethyst potion
  2468 | D:4      | 2468 ||| READING 2 scrolls of identify.
  2468 | D:4      | 2468 ||| IDENTIFYING purple potion
  2469 | D:4      | 2469 ||| DROPPING potion of attraction.
  2480 | Temple   | Entered the Ecumenical Temple
  2480 | Temple   | Found a transporter.
  2480 | Temple   | Found a transporter.
  2482 | Temple   | Found a transporter.
  2482 | Temple   | Found a transporter.
  2492 | Temple   | 2492 ||| PLANNING D:1-11
  2885 | D:4      | 2885 ||| UPGRADING to +0 pair of gloves.
  2890 | D:4      | 2890 ||| READING scroll labelled SUARAI FICE.
  2891 | D:4      | 2891 ||| READING scroll labelled KIFFEPSEKEG.
  2892 | D:4      | 2892 ||| READING scroll labelled ANI SENU CUTONOY.
  2993 | D:4      | 2993 ||| READING 2 scrolls of identify.
  2993 | D:4      | 2993 ||| IDENTIFYING fuming white potion
  3009 | D:5      | Entered Level 5 of the Dungeon
  3038 | D:5      | Found a burning altar of Makhleb.
  3050 | D:5      | Reached skill level 7 in Ranged Weapons
  3383 | D:5      | Reached XP level 7. HP: 62/62 MP: 6/6
  3403 | D:5      | Reached skill level 8 in Ranged Weapons
  3471 | D:5      | 3471 ||| Stepping ~*~*~tactically~*~*~ (outnumbered).
  3473 | D:5      | 3473 ||| Stepping ~*~*~tactically~*~*~ (outnumbered).
  3475 | D:5      | 3475 ||| Stepping ~*~*~tactically~*~*~ (outnumbered).
  3477 | D:5      | 3477 ||| Stepping ~*~*~tactically~*~*~ (outnumbered).
  3485 | D:5      | Reached skill level 3 in Dodging
  3510 | D:5      | Found an opulent altar of Gozag.
  3796 | D:5      | 3796 ||| READING scroll labelled WAUROV LURRITRECW.
  3797 | D:5      | 3797 ||| READING scroll labelled PEAMUDIOBRO.
  3798 | D:5      | 3798 ||| DRINKING 2 lumpy emerald potions.
  3902 | D:5      | 3902 ||| DROPPING potion of berserk rage.
  3963 | D:6      | 3963 ||| STAIRDANCE
  4028 | D:6      | Reached skill level 9 in Ranged Weapons
  4036 | D:6      | 4036 ||| FLEEEEING.
  4037 | D:6      | 4037 ||| FLEEEEING.
  4038 | D:6      | 4038 ||| FLEEEEING.
  4039 | D:6      | 4039 ||| FLEEEEING.
  4040 | D:6      | 4040 ||| FLEEEEING.
  4041 | D:6      | 4041 ||| FLEEEEING.
  4042 | D:6      | 4042 ||| FLEEEEING.
  4044 | D:6      | 4044 ||| FLEEEEING.
  4047 | D:6      | 4047 ||| FLEEEEING.
  4052 | D:6      | 4052 ||| STAIRDANCE
  4072 | D:6      | 4072 ||| STAIRDANCE
  4076 | D:5      | Reached skill level 6 in Fighting
  4207 | D:6      | Noticed a steam dragon
  4216 | D:6      | Killed a steam dragon
  4217 | D:6      | Reached XP level 8. HP: 57/70 MP: 7/7
  4285 | D:6      | 4285 ||| Stepping ~*~*~tactically~*~*~ (outnumbered).
  4359 | D:6      | Reached skill level 10 in Ranged Weapons
  4655 | D:6      | Found a hazy altar of Hepliaklqana.
  4745 | D:6      | 4745 ||| DROPPING +6 ring of intelligence.
  4746 | D:6      | 4746 ||| READING 2 scrolls labelled CAKLIE NEIPLAE.
  4747 | D:6      | 4747 ||| READING scroll labelled EMU ANOANILOGU.
  4748 | D:6      | 4748 ||| READING scroll labelled TUEGOH LALUWO.
  4749 | D:6      | 4749 ||| DRINKING 3 fuming silvery potions.
  4750 | D:6      | 4750 ||| DRINKING 3 potions of curing.
  4750 | D:6      | 4750 ||| (to cure confusion)
  4751 | D:6      | 4751 ||| READING 3 scrolls of identify.
  4751 | D:6      | 4751 ||| IDENTIFYING metallic grey potion
  4752 | D:6      | 4752 ||| DROPPING 2 potions of ambrosia.
  4753 | D:6      | 4753 ||| DROPPING scroll of magic mapping.
  4817 | D:7      | Found a bloodstained altar of Trog.
  4966 | D:7      | Found a shimmering altar of Xom.
  4966 | D:7      | Found a glowing golden altar of the Shining One.
  5066 | D:7      | Found a snail-covered altar of Cheibriados.
  5399 | D:7      | Reached skill level 11 in Ranged Weapons
  5438 | D:7      | 5438 ||| Stepping ~*~*~tactically~*~*~ (outnumbered).
  5449 | D:7      | Reached XP level 9. HP: 77/79 MP: 8/8
  5493 | D:7      | 5493 ||| UPGRADING to +0 steam dragon scales.
  5503 | D:7      | 5503 ||| DROPPING +2 robe of positive energy.
  5504 | D:7      | 5504 ||| READING 3 scrolls of identify.
  5504 | D:7      | 5504 ||| IDENTIFYING coppery potion
  5518 | D:8      | Noticed Joseph
  5528 | D:8      | HP: 18/79 [Joseph/sling bullet (4)]
  5529 | D:8      | HP: 5/79 [Joseph/sling bullet (14)]
  5529 | D:8      | Shot with a sling bullet by Joseph

Levels and vault maps discovered:
D:1:      roderic_crop_circles_arrival_small, layout_basic,
          shapermc_ecumenical_altar_ellora
D:2:      layout_basic, serial_shops, nicolae_shop_statue_plus
D:3:      layout_loops_corners, elyvilon_altar_5, ebering_ghost_rock_garden,
          dk_noncrumbling_2
D:4:      layout_cave_pools, minmay_temple_entry_stoned_glass, serial_shops,
          shop, uniq_edmund
D:5:      layout_basic, mainiacjoe_overflow_paths, grunt_gozag_statues
D:6:      layout_loops_cross, kennysheep_mini_moat
D:7:      layout_loops_cross, bloody_trog, slow_altar_2,
          amethyst_overflow_temple_binary
D:8:      layout_basic, mainiacjoe_overflow_chevrons, serial_shops,
          nicolae_shop_tiny_glass, uniq_joseph, uniq_maurice, uniq_psyche
Temple:   hellmonk_temple_divided_pantheon

Skill      XL: |  1  2  3  4  5  6  7  8  9 |
---------------+----------------------------+-----
Ranged Weapons | 5 6 7 9 11 | 11.1
Fighting       | 3 5 6 7 |  7.2
Armour         | 1 2 |  2.2
Dodging        | 3 4 5 |  5.0
Stealth        | |  0.7

Action                     |  1- 3 |  4- 6 |  7- 9 || total
---------------------------+-------+-------+-------++-------
   Fire: Shortbow          |   133 |   137 |   213 ||   483
    Use: Potion            |     1 |     1 |     3 ||     5
         Scroll            |       |    11 |     7 ||    18
 Armour: Leather armour    |     6 |       |       ||     6
         Ring mail         |    10 |     8 |       ||    18
         Robe              |       |     3 |    17 ||    20
  Dodge: Dodged            |    15 |    24 |    51 ||    90

Table legend:
 A = Non-vault XP
 B = Vault XP
 C = Vault XP percentage of total XP
 D = Non-vault monster count
 E = Vault monster count
 F = Vault count percentage of total count
                 A         B        C        D         E       F
            +---------+---------+-------+---------+---------+-------
      Total |    2830 |     176 |   5.9 |     124 |       2 |   1.6
            +---------+---------+-------+---------+---------+-------
        D:1 |      34 |       0 |   0.0 |      18 |       0 |   0.0
        D:2 |      39 |       0 |   0.0 |      15 |       0 |   0.0
        D:3 |      32 |       0 |   0.0 |      17 |       0 |   0.0
        D:4 |     244 |     171 |  41.2 |      20 |       1 |   4.8
        D:5 |     566 |       0 |   0.0 |      20 |       0 |   0.0
        D:6 |     741 |       0 |   0.0 |      13 |       0 |   0.0
        D:7 |    1044 |       5 |   0.5 |      17 |       1 |   5.6
        D:8 |     130 |       0 |   0.0 |       4 |       0 |   0.0
            +---------+---------+-------+---------+---------+-------
